Cogmind - Beta 10.2 @@@ ROGUE MODE // 2021.04.11 @ 10:50:21 Player: Midas Result: Destroyed by Y-45 Defender with Beam Rifle Performance ------------- Evolutions (1) 500 Regions Visited (2) 400 Robots Destroyed (2) 10 Value Destroyed (68) 68 Prototype IDs (0) 0 Alien Tech Used (0) 0 Bonus (200) 200 TOTAL SCORE: 1178 Bonus ------- Pacifist 200 Cogmind --------- Core Integrity 0/400 Matter 287/300 Energy 206/265 System Corruption 1% Temperature Cool (9) Movement Core (200) Ox3 Location -9/Materials Parts ------- > --- POWER (1) -------- Reinforced Ion Engine > --- PROPULSION (3) --- (None) > --- UTILITY (3) ------ (None) > --- WEAPON (2) ------- (None) > --- INVENTORY (4) ---- Reinforced Ion Engine Peak State ------------ > --- POWER ------------ Reinforced Ion Engine > --- PROPULSION ------- Improved Hover Unit Improved Hover Unit > --- UTILITY ---------- Small Storage Unit > --- WEAPON ----------- Assault Rifle Assault Rifle > --- INVENTORY -------- Ion Engine Ion Engine [Rating: 9] Favorites ----------- Power Ion Engine Engine Ion Engine Propulsion Improved Hover Unit Leg Aluminum Leg Hover Unit Improved Hover Unit Utility Small Storage Unit Storage Small Storage Unit Weapon Assault Rifle Energy Gun Small Laser Ballistic Gun Assault Rifle Build | -11 -10 -9 ------- Run | Scr Mat Mat Slots Evolved 2 | . . 2 Power . | . . . Propulsion 1 | . . 1 Utility 1 | . . 1 Weapon . | . . . Parts Attached 5 | . 2 3 Power 2 | . . 2 Engine 2 | . . 2 Core . | . . . Reactor . | . . . Propulsion 2 | . 2 . Treads . | . . . Leg . | . . . Wheel . | . . . Hover 2 | . 2 . Flight . | . . . Utility . | . . . Device . | . . . Storage . | . . . Processor . | . . . Hackware . | . . . Protection . | . . . Artifact . | . . . Weapon 1 | . . 1 Energy Gun . | . . . Energy Cannon . | . . . Ballistic Gun 1 | . . 1 Ballistic Cannon . | . . . Launcher . | . . . Special Weapon . | . . . Impact Weapon . | . . . Slashing Weapon . | . . . Piercing Weapon . | . . . Special Melee Weapon . | . . . Unidentified Prototypes . | . . . Parts Lost 5 | . . 5 Power 1 | . . 1 Propulsion 2 | . . 2 Utility . | . . . Weapon 2 | . . 2 Highest Loss Streak 5 | . . 5 Average Slot Usage (%) 44 | . 71 36 Engine 11 | . 14 10 Hover 12 | . 25 8 Storage 10 | . 14 8 Ballistic Gun 9 | . 14 8 Naked Turns . | . . . Heaviest Build 18 | 12 12 18 Greatest Support 20 | 20 20 16 Greatest Overweight (x) 4 | . 1 4 Average Overweight (x) . | . . . Largest Inventory Capacity 6 | . 6 6 Average Capacity 5 | . 6 5 Most Carried 6 | . 6 3 Average Carried 1 | . 2 1 Final Capacity 6 | 6 6 4 Final Carried 6 | 6 2 1 Class Distribution -------------------- 100% | Mutant Dominant Class ---------------- Mutant | -10/Materials Mutant | -9/Materials Resources | -11 -10 -9 ----------- Run | Scr Mat Mat Matter Collected 235 | 200 . 35 Remotely . | . . . Salvage Created 81 | . . 81 Parts 4 | . . 4 Haulers Intercepted . | . . . Recyclers Shooed . | . . . Parts Field Recycled . | . . . Retrieved Matter . | . . . Parts Self-Destructed . | . . . Prevented . | . . . Kills | -11 -10 -9 ------- Run | Scr Mat Mat Combat Hostiles Destroyed 2 | . . 2 Guns 2 | . . 2 Classes Destroyed 1 | . . 1 Grunt 2 | . . 2 Best Kill Streak 2 | . . 2 Combat Bots Only 2 | . . 2 Max Kills in Single Turn 1 | . . 1 Gunslinging . | . . . Exploded . | . . . Melee . | . . . Uniques/NPCs Destroyed . | . . . Combat | -11 -10 -9 -------- Run | Scr Mat Mat Damage Taken 1172 | . 121 1051 Core 471 | . 65 406 Absorbed by Shields . | . . . Core Remaining (%) 87 | 100 74 . Volleys Fired 6 | . . 6 Largest 2 | . . 2 Hottest 40 | . . 40 Shots Fired 12 | . . 12 Gun 12 | . . 12 Cannon . | . . . Launcher . | . . . Special . | . . . Kinetic 12 | . . 12 Thermal . | . . . Explosive . | . . . Electromagnetic . | . . . Robot Hit Streak 11 | . . 11 Robot Miss Streak 1 | . . 1 Penetration Max . | . . . Secondary Targets . | . . . Shots Hit Robots 11 | . . 11 Core Hits 6 | . . 6 Critical Hits . | . . . Critical Kills . | . . . Critical Parts Destroyed . | . . . Melee Attacks . | . . . Impact . | . . . Slashing . | . . . Piercing . | . . . Sneak Attacks . | . . . Combat Hostiles . | . . . Follow-up Attacks . | . . . Damage Inflicted 140 | . . 140 Guns 130 | . . 130 Cannons . | . . . Explosions . | . . . Melee . | . . . Ramming 10 | . . 10 Kinetic 130 | . . 130 Thermal . | . . . Explosive . | . . . Electromagnetic . | . . . Impact . | . . . Slashing . | . . . Piercing . | . . . Highest Corruption 1 | . . 1 Average Corruption 1 | . . 1 Corruption Purged . | . . . Effects 2 | . . 2 Message Errors 1 | . . 1 Energy Discharges 1 | . . 1 Overload Shots . | . . . Overflow Damage . | . . . Projectiles . | . . . Explosions . | . . . Melee . | . . . Knockbacks . | . . . Impact . | . . . Kinetic . | . . . Secondary . | . . . Self-Inflicted Damage 4 | . . 4 Shots . | . . . Rammed 4 | . . 4 Targets Rammed 4 | . . 4 Kicked . | . . . Crushed . | . . . Highest Temperature 12 | . . 12 Average Temperature 8 | . . 8 Received Heat Transfer 420 | . 54 366 Siege Activations . | . . . Robots Corrupted . | . . . Combat Hostiles . | . . . Parts Fried . | . . . Impact Corruptions . | . . . Robots Melted . | . . . Combat Hostiles . | . . . Parts Melted . | . . . Heat Transferred . | . . . Parts Sabotaged . | . . . Parts Stolen . | . . . Parts Stripped . | . . . Power Chain Reactions . | . . . Missiles Intercepted . | . . . Alert | -11 -10 -9 ------- Run | Scr Mat Mat Peak Influence 85 | . 15 85 Initial 5 | . . 5 Average 38 | . 4 48 Maximum Alert Level . | . . . Low Security (%) 100 | . 100 100 Level 1 . | . . . Level 2 . | . . . Level 3 . | . . . Level 4 . | . . . Level 5 . | . . . High Security . | . . . Max Security . | . . . Squads Dispatched 1 | . 1 . Investigation . | . . . Extermination . | . . . Reinforcement 1 | . 1 . Assault . | . . . Garrison . | . . . Intercept . | . . . Construction Impeded . | . . . Haulers Reinforced . | . . . Stealth | -11 -10 -9 --------- Run | Scr Mat Mat Distress Signals . | . . . Communications Jammed . | . . . Distress Signals . | . . . Times Spotted 12 | . 6 6 Peak Tracking Total 6 | . 5 6 Tactical Retreats . | . . . Traps | -11 -10 -9 ------- Run | Scr Mat Mat Traps Triggered 2 | . 1 1 Indirectly . | . . . Trap Hack Attempts . | . . . Triggered . | . . . Disarmed . | . . . Reprogrammed . | . . . Reused . | . . . Traps Extracted . | . . . Installed . | . . . Triggered . | . . . Machines | -11 -10 -9 ---------- Run | Scr Mat Mat Machines Disabled . | . . . Max in Single Turn . | . . . Machines Sabotaged . | . . . Garrisons Compromised . | . . . Overloaded Fab Kills . | . . . Fab Network Shutdowns . | . . . Hacking | -11 -10 -9 --------- Run | Scr Mat Mat Machines Accessed 1 | . . 1 Terminals . | . . . Fabricators . | . . . Repair Stations . | . . . Recycling Units 1 | . . 1 Scanalyzers . | . . . Garrison Access . | . . . Total Hacks 4 | . . 4 Successful 3 | . . 3 Failed 1 | . . 1 Catastrophic . | . . . Database Lockouts . | . . . Manual . | . . . Terminals . | . . . Fabricators . | . . . Repair Stations . | . . . Recycling Units 4 | . . 4 Scanalyzers . | . . . Garrison Access . | . . . Terminal Hacks . | . . . Fabricator Hacks . | . . . Repair Station Hacks . | . . . Recycling Unit Hacks 3 | . . 3 Process 1 | . . 1 Report Inventory 1 | . . 1 Retrieve Matter 1 | . . 1 Scanalyzer . | . . . Garrison Access Hacks . | . . . Unauthorized Hacks . | . . . Terminals . | . . . Fabricators . | . . . Repair Stations . | . . . Recycling Units . | . . . Scanalyzers . | . . . Garrison Access . | . . . Data Cores Recovered . | . . . Used . | . . . Hacking Detections 1 | . . 1 Full Trace Events . | . . . Feedback Events . | . . . Feedback Blocked . | . . . Robot Schematics Acquired . | . . . Robots Built . | . . . Matter . | . . . Time . | . . . Total Robot Build Rating . | . . . Part Schematics Acquired . | . . . Parts Built . | . . . Matter . | . . . Time . | . . . Total Part Build Rating . | . . . Parts Repaired . | . . . Time . | . . . Parts Recycled . | . . . Recycled Matter 35 | . . 35 Retrieved Matter . | . . . Retrieved Components . | . . . Parts Scanalyzed . | . . . Part Schematics Acquired . | . . . Parts Damaged . | . . . Bothacking | -11 -10 -9 ------------ Run | Scr Mat Mat Used RIF Installer . | . . . Robots Hacked . | . . . Non-combat . | . . . Combat . | . . . Robot Hacks Applied . | . . . Relay Couplers Released . | . . . Robots Rewired . | . . . Allies Hacked . | . . . Hacks Repelled . | . . . Allies | -11 -10 -9 -------- Run | Scr Mat Mat Total Allies . | . . . Largest Group . | . . . Highest-Rated Group . | . . . Highest-Rated Ally . | . . . Total Orders . | . . . Ally Attacks . | . . . Total Damage . | . . . Kills . | . . . Allies Corrupted . | . . . Allies Melted . | . . . Intel | -11 -10 -9 ------- Run | Scr Mat Mat Robot Analysis Total . | . . . Derelict Logs Recovered . | . . . Drone Launches . | . . . Drone Recoveries . | . . . Exploration | -11 -10 -9 ------------- Run | Scr Mat Mat Turns Passed 262 | . 62 200 Spaces Moved 258 | 1 93 164 Core 47 | . . 47 Treads . | . . . Legs 5 | 1 4 . Wheels . | . . . Hover 206 | . 89 117 Flight . | . . . Fastest Speed 56 | 120 56 56 Average Speed 87 | 120 59 102 Slowest Speed 250 | 120 120 250 Overloaded Moves . | . . . Propulsion Burnouts . | . . . Robots Hopped . | . . . Cave-ins Triggered . | . . . Exploration Rate (%) 19 | 3 34 22 Regions Visited 2 Branch Regions . Pre-discovered Areas . | . . . Known Exits Taken . | . . . Unknown Exits Taken 2 | 1 1 . Scrap Searched . | . . . Spaces Dug . | . . . Terrain Destroyed . | . . . Melee . | . . . Projectile . | . . . AOE . | . . . Terrain Rammed . | . . . Walls Destroyed . | . . . Machines Disabled . | . . . Actions | -11 -10 -9 --------- Run | Scr Mat Mat Total 283 | . 101 182 Wait . | . . . Move 256 | . 92 164 Hop . | . . . Pick Up 2 | . . 2 Fast Attach 2 | . 2 . Attach 2 | . . 2 Detach . | . . . Swap 1 | . . 1 Drop 10 | . 7 3 Fire 6 | . . 6 Melee . | . . . Ram 4 | . . 4 Kick . | . . . Crush . | . . . Escape Stasis . | . . . Rewire . | . . . Trap . | . . . Miscellaneous . | . . . Route ------- -11/Scrapyard -10/Materials -9/Materials History --------- Turn | Location | Event 1 | -11/Scrapyard | Discovered new exit (range 0) 1 | -11/Scrapyard | Entered Materials 56 | -10/Materials | Discovered new exit (range 13) 63 | -10/Materials | Entered another Materials area 63 | -9/Materials | Evolved 2 slots: Propulsion x1, Utility x1 175 | -9/Materials | Core integrity fell below 50% 209 | -9/Materials | Core integrity fell below 20% 217 | -9/Materials | Lost 5 parts (1p2n2w) 263 | -9/Materials | Destroyed by Y-45 Defender with Beam Rifle Last Messages --------------- 00105_ Door malfunctions. 00114_ K-01 Serf collects debris. 00132_ Acquired Rnf. Ion Engine. 00133_ Dropped Ion Engine. 00135_ Acquired Rnf. Ion Engine. 00136_ Dropped Ion Engine. 00149_ G-34 Mercenary destroyed. 00149_ Imp. Hover Unit destroyed. 00152_ G-34 Mercenary destroyed. 00155_ Assault Rifle destroyed. 00158_ Slammed into Y-45 Defender. 00158_ R-06 Scavenger collects Aluminum Leg. 00160_ Slammed into Y-45 Defender. 00161_ R-06 Scavenger collects Heat Sink. 00163_ Acquired 35 matter. 00164_ R-06 Scavenger collects Ion Engine. 00186_ Rnf. Ion Engine destroyed. 00197_ MW,:ST56TJMND0%PGU/HITV>PFYMH1KIZFIE0FS/ 00221_ Dropped Sml. Storage Unit. 00261_ System corrupted: Energy discharge (-82). Map ----- +----------------------------------------------------+ | | | ?????????????????????????????????????????????????? | | ?????????????????????????????????????????????????? | | ?????????????????????????????????????????????????? | | ?????????????????????????????????????????????????? | | ?????????????????????????????????????????????????? | | ?????????????????????????????????????????????????? | | ?????????????#####?######????????????????????????? | | ?????????????# #? #????????????????????????? | | ?????????????# # #????????????????????????? | | ?????????????# # """ #????????????????????????? | | ?????????????# + """ #????????????????????????? | | ?????????????# # """ #????????????????????????? | | ?????????????# # #????????????????????????? | | ?????????????# ###########?????????????????????? | | ?????????????# # #???????##########????? | | ?????????????# # """ #??????? #????? | | ?????????????# # """ #??????#"S """ #????? | | ?????????????# + """ #??????#""" """ #????? | | ?????????????# # """ #??????# "" """ ###### | | ??????????? # """ #??????# """ # | | ???????? # "Y" #??????# """ # | | ?????? # """ #??????# ! # | | ?????######### #########+#??????# # #? | | ?????????????# # ?### ###????##+#####+## #? | | ?????????????+ # " # @ #????# #? | | ?????????????# #""" # ###### #? | | ?????????????# #""" + T Y #? | | ?????????????# #""" # Y#######+########## #? | | ?????????????# # "" # #???# #???# #? | | ?????????????# #""" ?###+###???# #???# #? | | ?????????????# #"" ??# ????# #???# #? | | ?????????????# #"" ???# """ ??# """ #???# #? | | ?????????????? # " ???# """ #?# """"" ##??# #? | | ?????????????????# ????# """ #?# """""! #??# #? | | ?????????????????# [????# #?# """"" ##??# #? | | ?????????????????##?????# #?# """ #???# #? | | ????????????????????????#######??# #???# #? | | ?????????????????????????????????########/##### ## | | ?????????????????????????????????######## | | ?????????????????????????????????# # | | ?????????????????????????????????# # | | ?????????????????????????????????# + | | ?????????????????????????????????#]![ # ######## | | ?????????????????????????????????#]![ # #??????# | | ?????????????????????????????????#![[ # #?????? | | ?????????????????????????????????#####+## #??????# | | ?????????????????????????????????????# #??????# | | ?????????????????????????????????????# #??????# | | ?????????????????????????????????????# #??????# | +----------------------------------------------------+ Best States ------------- Heat Dissipation 28 Energy Generation 12 Energy Capacity 265 Matter Stores 297 Matter Capacity 300 Sight Range 16 Terrain Scan Density 10 Evasion (%) 53 Item Schematics ----------------- None Robot Schematics ------------------ None Fabricated ------------ Nothing Alien Tech Used ----------------- None Achievements -------------- None Challenges ------------ None Game ------ Seed SuspensionMetafiberRay Manual? 0 Play Time 00:15:05 Cumulative 22.0 hours Start 2021.04.10 @ 16:00:19 End 2021.04.11 @ 10:50:21 Sessions 1 Manual Loads 0 Difficulty Rogue Special Mode None Game No. 29 Rogue 14 Adventurer 15 Explorer 0 Win Type - Total 0 Types 0/0/0/0/0/0/0/0/0 Lore% 15 Gallery% 27 Achievement% 18 Wizard Run 0 Options --------- ASCII 0 Keyboard 0 Movement Mouse Keybinds 0 Fullscreen 0 Font 20/SmallcapsGlow Map View 113x50 Tactical HUD 1 Map Filters NONE Filters NONE Steam 1 RUN: 716dc2e5-9cc9-47c2-94f2-d1c94d2b1646